[Event "*** Titled Tuesday Blitz"]
[Site "Chess.com"]
[Date "2020.04.14"]
[Round "1"]
[White "Maghalashvili"]
[Black "MPGM"]
[Result "1-0"]
[WhiteElo "2874"]
[BlackElo "2468"]
[TimeControl "180+1"]
[EndTime "10:06:02 PDT"]
[Termination "Maghalashvili won by resignation"]

1. Nf3 d5 2. g3 e6 3. Bg2 Nf6 4. O-O Be7 5. c4 O-O 6. b3 b6 7. cxd5 Nxd5 8. Bb2 Bb7 9. d4 Qc8 10. Nbd2 Rd8 11. e4 Nf6 12. Qe2 Ba6 13. Nc4 c5 14.
Rac1 Nc6 15. Rfd1 Na5 16. d5 exd5 17. exd5 Re8 18. Qc2 Nxc4 19. bxc4 Qd7 20. d6 Bf8 21. Ne5 Qe6 22. Bxa8 Rxa8 23. d7 Rd8 24. Qa4 Bb7 25. Qxa7 Be4 26. Qc7 Be7 27. f3 Bxf3 28.
Re1 Ba8 29. Ng6 Ne4 30. Nxe7+ Qxe7 31. Rcd1 h5 32. Qe5 Qxe5 33. Bxe5 Ng5 34. Bc7 Nf3+ 35. Kf2 Rxd7 36. Rxd7 Nxe1 37. Kxe1 1-0

[Event "*** Titled Tuesday Blitz"]
[Site "Chess.com"]
[Date "2020.04.14"]
[Round "1"]
[White "terrapin33"]
[Black "NTBT_DHS"]
[Result "0-1"]
[WhiteElo "2131"]
[BlackElo "2551"]
[TimeControl "180+1"]
[EndTime "10:06:05 PDT"]
[Termination "NTBT_DHS won by resignation"]

1. d4 Nf6 2. Bg5 c5 3. d5 Qb6 4. Nc3 Qxb2 5. Bd2 Qb6 6. e4 e5 7. dxe6 dxe6 8. Nf3 a6 9. Bc4 Nc6 10. a4 Be7 11. O-O O-O 12. e5 Nd7 13. Re1 Qc7 14.
Bf4 Rd8 15. Qe2 Nf8 16. Ne4 Ng6 17. Bg3 Nd4 18. Nxd4 Rxd4 19. Nd6 Nf4 20. Bxf4 Rxf4 21. Qe3 Rh4 22. Rad1 Bxd6 23. exd6 Qc6 24. Qg3 Rxc4 25. Re5 Bd7 26. Rg5 g6 27. h4 Qxa4 28. h5 Qxc2 29.
Re1 Re4 30. Rf1 Rd4 31. hxg6 hxg6 0-1

[Event "*** Titled Tuesday Blitz"]
[Site "Chess.com"]
[Date "2020.04.14"]
[Round "1"]
[White "OK97"]
[Black "Reality-Stone"]
[Result "0-1"]
[WhiteElo "2728"]
[BlackElo "2401"]
[TimeControl "180+1"]
[EndTime "10:06:06 PDT"]
[Termination "Reality-Stone won by resignation"]

1. d4 Nf6 2. Bg5 d5 3. e3 c5 4.
Nd2 Nc6 5. c3 e6 6. Bd3 h6 7.
Bh4 Be7 8. f4 b6 9. Ngf3 Bb7 10.
Ne5 Nd7 11. Bxe7 Qxe7 12. O-O O-O-O 13. Qa4 Ndxe5 14. fxe5 f5 15. Bb5 Qc7 16. Rac1 Kb8 17. Qa3 g5 18. c4 cxd4 19. cxd5 Rxd5 20. Bxc6 Bxc6 21. Nc4 dxe3 22. Qxe3 f4 23. Qa3 Rhd8 24. Nd6 Rxe5 25. Rxc6 Qxc6 26. Nf7 Re2 27. Qh3 Rdd2 28. Nxh6 Rxg2+ 29. Kh1 Rg3+ 0-1

[Event "*** Titled Tuesday Blitz"]
[Site "Chess.com"]
[Date "2020.04.14"]
[Round "1"]
[White "Hanging_pointer"]
[Black "gixfantastix"]
[Result "1-0"]
[WhiteElo "2537"]
[BlackElo "2096"]
[TimeControl "180+1"]
[EndTime "10:06:06 PDT"]
[Termination "Hanging_pointer won by resignation"]

1. d4 Nf6 2. Bf4 d6 3. Nf3 Nbd7 4. e3 g6 5. c4 Bg7 6. Nc3 O-O 7. h3 Re8 8. Be2 c6 9. O-O Qc7 10. Qc2 e5 11. Bh2 h5 12. Rad1 Nf8 13. c5 Bf5 14. Qb3 Ne4 15. cxd6 Qxd6 16. dxe5 Qe7 17. Nd4 Nxc3 18.
bxc3 Bxe5 19. Nxf5 Bxh2+ 20. Kxh2 gxf5 21. Bxh5 Qe5+ 22. Kg1 f4 23. Bxf7+ Kg7 24. Bxe8 Rxe8 25. exf4 Qxf4 26. Qxb7+ Kh8 27. Qxc6 Re7 28. Qd6 Qg5 29. f4 Qg7 30. Qd4 Ng6 31. Qxg7+ Rxg7 32. f5 Nh4 33.
Rf2 a5 34. f6 Rf7 35. Rd5 a4 36. Rh5+ Kg8 37. Rxh4 a3 38. Rg4+ Kf8 39. Rg7 Rxg7 40. fxg7+ Kxg7 41. g4 1-0

[Event "*** Titled Tuesday Blitz"]
[Site "Chess.com"]
[Date "2020.04.14"]
[Round "1"]
[White "Angry_Twin"]
[Black "jerry_77"]
[Result "1-0"]
[WhiteElo "2838"]
[BlackElo "2443"]
[TimeControl "180+1"]
[EndTime "10:06:07 PDT"]
[Termination "Angry_Twin won by resignation"]

1. e4 c6 2. d4 d5 3. e5 c5 4. dxc5 Nc6 5. f4 e6 6. Be3 Nge7 7. Nf3 a5 8. c3 a4 9. Na3 Nf5 10. Bf2 b6 11. cxb6 Bxa3 12. bxa3 Ba6 13. Bxa6 Rxa6 14. O-O O-O 15. Rb1 Qe7 16. Qd3 Qb7 17. Rb5 Na5 18. Nd2 Rc8 19. Rfb1 h5 20. R1b4 Nc6 21. Rb1 g6 22. h3 Kg7 23. c4 dxc4 24. Nxc4 Rd8 25. Nd6 Qb8 26. Qc3 Nce7 27. b7 Kg8 28. Rc1 Nd5 29.
Qc8 Nxd6 30. Qxb8 Rxb8 31. exd6 Rxd6 32. Rc8+ Rd8 1-0

[Event "*** Titled Tuesday Blitz"]
[Site "Chess.com"]
[Date "2020.04.14"]
[Round "1"]
[White "KinKaiser"]
[Black "sergoy"]
[Result "0-1"]
[WhiteElo "2462"]
[BlackElo "2872"]
[TimeControl "180+1"]
[EndTime "10:06:08 PDT"]
[Termination "sergoy won on time"]

1. d4 Nf6 2. Nf3 e6 3. Bf4 d5 4.
e3 c5 5. c3 Nc6 6. Nbd2 cxd4 7.
exd4 Nh5 8. Bg5 f6 9. Bh4 Bd6 10. Bd3 O-O 11. Bg3 Nxg3 12. hxg3 g6 13. Qc2 f5 14. Kf1 Bd7 15. Re1 Qf6 16. Nb3 Rac8 17. Qd2 f4 18. g4 e5 19. dxe5 Nxe5 20. Nxe5 Bxe5 21. Be2 Bc6 22. Bf3 Rcd8 23. Nd4 Rfe8 24. Nxc6 bxc6 25. Qd3 Kg7 26. Kg1 c5 27. Rh3 c4 28.
Qd1 d4 29. cxd4 Bxd4 30. Qb1 Qb6 31. Rxe8 Bxf2+ 32. Kh1 Rxe8 33. Be4 Qd4 0-1

[Event "*** Titled Tuesday Blitz"]
[Site "Chess.com"]
[Date "2020.04.14"]
[Round "1"]
[White "AquivaRubinstein"]
[Black "TheBigBoss04"]
[Result "0-1"]
[WhiteElo "2399"]
[BlackElo "2766"]
[TimeControl "180+1"]
[EndTime "10:06:08 PDT"]
[Termination "TheBigBoss04 won by resignation"]

1. d4 Nf6 2. c4 e6 3. Nf3 d5 4. Nc3 a6 5. cxd5 exd5 6. Bg5 Be6 7.
e3 Nbd7 8. Rc1 Bd6 9. Be2 c6 10.
O-O h6 11. Bh4 O-O 12. Nd2 Qc7 13. Bg3 Bxg3 14. hxg3 Qd6 15. e4 dxe4 16. Ndxe4 Qe7 17. Nxf6+ Nxf6 18. Re1 Rfd8 19. Bf3 Qb4 20. d5 Nxd5 21. Nxd5 Bxd5 22. Bxd5 Rxd5 23. Qe2 Rd2 24. Qe7 Qxe7 25. Rxe7 Rxb2 26. Rd1 b5 27. Rdd7 Rf8 28. Rc7 Rxa2 29.
Rxc6 b4 30. Ra7 a5 31. Rca6 Rd8 32. Rxa5 Rd1+ 33. Kh2 Rxf2 34. Rb5 Rdd2 35. Rxb4 Rxg2+ 36. Kh3 Rh2+ 37. Kg4 Rhf2 38. Rb8+ Kh7 39. Rbb7 f5+ 0-1

[Event "*** Titled Tuesday Blitz"]
[Site "Chess.com"]
[Date "2020.04.14"]
[Round "1"]
[White "marianokar"]
[Black "afgano29"]
[Result "0-1"]
[WhiteElo "2361"]
[BlackElo "2709"]
[TimeControl "180+1"]
[EndTime "10:06:08 PDT"]
[Termination "afgano29 won by resignation"]

1. Nf3 Nf6 2. g3 g6 3. Bg2 Bg7 4. d4 d5 5. O-O O-O 6. c4 dxc4 7. Na3 Nc6 8. Nxc4 Be6 9. Nce5 Bd5 10. b3 a5 11. Bb2 a4 12. bxa4 Ra6 13. Nd3 Qa8 14.
Nc5 Ra7 15. Re1 b6 16. e4 bxc5 17. exd5 Nxd5 18. Ne5 Nxd4 19. Bxd4 cxd4 20. Qxd4 e6 21.
Bxd5 exd5 22. Qc5 Rxa4 23. Qxc7 Rxa2 24. Rxa2 Qxa2 25. Rd1 Qe2 26. Rxd5 Qe1+ 27. Kg2 Qe4+ 0-1

[Event "*** Titled Tuesday Blitz"]
[Site "Chess.com"]
[Date "2020.04.14"]
[Round "1"]
[White "NFChess13"]
[Black "Gabix_94"]
[Result "0-1"]
[WhiteElo "2458"]
[BlackElo "2859"]
[TimeControl "180+1"]
[EndTime "10:06:09 PDT"]
[Termination "Gabix_94 won by resignation"]

1. e4 c5 2. Nf3 e6 3. d4 cxd4 4. Nxd4 Nc6 5. Nc3 Qc7 6. Be2 Nf6 7. O-O Be7 8. Be3 O-O 9. h3 d6 10. f4 Nxd4 11. Bxd4 e5 12. Be3 b6 13. Bf3 Bb7 14. Qd2 Rac8 15. Rad1 a6 16. a3 b5 17. Qf2 Nd7 18. Qg3 Kh8 19. Kh1 exf4 20. Bxf4 Ne5 21. Be2 Bf6 22. Rd2 Qe7 23. Rfd1 Rfd8 24. Bg4 Rc4 25.
Be2 Rc7 26. Bf1 h6 27. Qe3 Rcc8 28. Be2 Bc6 29. Rf1 Ng6 30. Bh2 Bg5 31. Bf4 Nxf4 32. Rxf4 Qe5 33. g3 Bxf4 34. gxf4 Qf6 35. Bd3 d5 36. e5 d4+ 0-1

[Event "*** Titled Tuesday Blitz"]
[Site "Chess.com"]
[Date "2020.04.14"]
[Round "1"]
[White "FranciscodelaF"]
[Black "chito89"]
[Result "0-1"]
[WhiteElo "2412"]
[BlackElo "2783"]
[TimeControl "180+1"]
[EndTime "10:06:09 PDT"]
[Termination "chito89 won by resignation"]

1. d4 Nf6 2. c4 e6 3. g3 Bb4+ 4. Bd2 a5 5. Bg2 d6 6. e4 e5 7. Ne2 Nc6 8. d5 Ne7 9. O-O O-O 10. h3 Bc5 11. Nbc3 c6 12. dxc6 bxc6 13. b3 Be6 14. Bg5 Nc8 15. Na4 Ba7 16. Qd3 Nb6 17.
Nac3 h6 18. Bxf6 Qxf6 19. Qxd6 Rad8 20. Qxc6 Rd2 21. Rad1 Rxd1 22. Nxd1 Qe7 23. Ne3 Rc8 24. Qb5 Rc5 25. Qa6 Bc8 26. Nf5 Qc7 0-1

[Event "*** Titled Tuesday Blitz"]
[Site "Chess.com"]
[Date "2020.04.14"]
[Round "1"]
[White "Sunnika"]
[Black "Darhild"]
[Result "0-1"]
[WhiteElo "2367"]
[BlackElo "2711"]
[TimeControl "180+1"]
[EndTime "10:06:09 PDT"]
[Termination "Darhild won by resignation"]

1. d4 Nf6 2. Nf3 g6 3. g4 Nxg4 4. c4 Nf6 5. Nc3 d5 6. cxd5 Nxd5 7. h4 h6 8. e4 Nxc3 9. bxc3 Bg7 10. Bc4 c5 11.
Ne5 Bxe5 12. dxe5 Qxd1+ 13. Kxd1 Bg4+ 14. Kd2 Bf3 15. Re1 Nc6 16. Bb5 O-O-O+ 17. Ke3 Nxe5 18.
Kf4 f6 19. Be3 g5+ 20. hxg5 hxg5+ 21. Kg3 g4 22. Bxc5 Rh3+ 23. Kf4 e6 24. Bf1 Bg2 0-1

[Event "*** Titled Tuesday Blitz"]
[Site "Chess.com"]
[Date "2020.04.14"]
[Round "1"]
[White "diskeleven"]
[Black "Gabrielian_Artur"]
[Result "0-1"]
[WhiteElo "2328"]
[BlackElo "2673"]
[TimeControl "180+1"]
[EndTime "10:06:09 PDT"]
[Termination "Gabrielian_Artur won by resignation"]

1. d4 Nf6 2. c4 c5 3. d5 e6 4. Nc3 exd5 5. cxd5 d6 6. Nf3 g6 7. Nd2 Nbd7 8. e4 Bg7 9. Be2 O-O 10. O-O Re8 11. Re1 a6 12. a4 Rb8 13. Ra3 b6 14. f3 Nh5 15. Nf1 f5 16. exf5 Bd4+ 17. Kh1 gxf5 18.
f4 Bf2 19. Bd2 Bxe1 20. Qxe1 Ndf6 21. Qh4 Ng7 22. Qg3 Kh8 23. Bf3 b5 24. axb5 axb5 25. Nd1 b4 26. Ra7 Re7 27. Ra1 Ne4 28. Bxe4 fxe4 29.
Nde3 Rf7 30. b3 Qf6 31. Ra2 Qxf4 32. Qxf4 Rxf4 33. Ra7 Nf5 34. Kg1 Nd4 35. Bc1 Ne2+ 0-1

[Event "*** Titled Tuesday Blitz"]
[Site "Chess.com"]
[Date "2020.04.14"]
[Round "1"]
[White "Dare-Dare"]
[Black "11kevin"]
[Result "1-0"]
[WhiteElo "2189"]
[BlackElo "2547"]
[TimeControl "180+1"]
[EndTime "10:06:09 PDT"]
[Termination "Dare-Dare won by checkmate"]

1. Nf3 Nf6 2. c4 e6 3. e3 d5 4. Nc3 Be7 5. b3 O-O 6. Bb2 c5 7. cxd5 exd5 8. d4 Nc6 9. Be2 Bg4 10. dxc5 Bxc5 11. O-O Rc8 12. Rc1 Qe7 13. Nxd5 Nxd5 14.
Qxd5 Nb4 15. Qc4 Be6 16. Qf4 Nxa2 17. Ra1 Nb4 18. Nd4 Bd6 19. Qe4 a6 20. Nxe6 fxe6 21.
Bc4 Nd5 22. Bxd5 exd5 23. Qxd5+ Kh8 24. Rac1 Rcd8 25. Qh5 Qe6 26. Qg5 Rd7 27. Rc4 Rdf7 28. Rg4 Be7 29. Bxg7+ Kg8 30. Bf6+ Rg7 31. Qxg7# 1-0

[Event "*** Titled Tuesday Blitz"]
[Site "Chess.com"]
[Date "2020.04.14"]
[Round "1"]
[White "Ariadna_Atreides"]
[Black "CyberneticLion"]
[Result "1-0"]
[WhiteElo "2018"]
[BlackElo "2507"]
[TimeControl "180+1"]
[EndTime "10:06:09 PDT"]
[Termination "Ariadna_Atreides won by checkmate"]

1. d4 d5 2. Nf3 Nf6 3. e3 Bf5 4. Bd3 Bg6 5. O-O e6 6. Nc3 c6 7. Ne5 Nbd7 8. f4 Bd6 9. Bd2 Qe7 10. a3 a5 11. Qf3 Bxd3 12. cxd3 O-O 13. g4 Ne8 14. e4 f6 15. Nxd7 Qxd7 16. Qh3 Bb8 17.
Be3 Ba7 18. Rad1 b5 19. b4 Bb6 20. Rf3 axb4 21. axb4 Ra3 22. Nb1 Rxd3 23. Rxd3 dxe4 24. Rd1 exf3 25. Qxf3 Nd6 26. Nc3 Nc4 27. Bf2 Ra8 28. Ne4 Ra3 29. Qe2 Qd5 30. Nc5 Kf7 31. f5 exf5 32. Re1 Kg6 33. Qe8+ Kh6 34. Qh5# 1-0

[Event "*** Titled Tuesday Blitz"]
[Site "Chess.com"]
[Date "2020.04.14"]
[Round "1"]
[White "Ovsiannikov_Maxim"]
[Black "biesiadnik"]
[Result "0-1"]
[WhiteElo "2200"]
[BlackElo "2580"]
[TimeControl "180+1"]
[EndTime "10:06:10 PDT"]
[Termination "biesiadnik won by resignation"]

1. d4 d5 2. c4 e6 3. Nf3 Nf6 4.
g3 Be7 5. Bg2 O-O 6. O-O dxc4 7.
Ne5 c5 8. dxc5 Qc7 9. Nxc4 Qxc5 10. b3 Rd8 11. Nbd2 Nc6 12. Bb2 Bd7 13. Rc1 Qh5 14. e3 Qh6 15. Qe2 Be8 16. Rfd1 Nd5 17. Nf3 Bf6 18.
Nfe5 Nxe5 19. Nxe5 Bxe5 20. Bxe5 Bc6 21. e4 Nb4 22. a3 Na6 23. b4 Ba4 24. Rxd8+ Rxd8 25. Bf4 Qf6 26. e5 Qe7 27. b5 Nc5 28. Be3 Nd3 29. Rc3 Bxb5 30. Bc5 Qd7 31. Bf1 Ba6 32. Bxa7 Nf4 33.
Qe1 Bxf1 34. Kxf1 Nd5 35. Rc1 Qb5+ 36. Kg2 h6 37. Rd1 Rc8 38. Be3 Qa4 39. Rd3 Qe4+ 0-1

[Event "*** Titled Tuesday Blitz"]
[Site "Chess.com"]
[Date "2020.04.14"]
[Round "1"]
[White "Neimar24"]
[Black "Ziyamammadov"]
[Result "1-0"]
[WhiteElo "2515"]
[BlackElo "1769"]
[TimeControl "180+1"]
[EndTime "10:06:10 PDT"]
[Termination "Neimar24 won by checkmate"]

1. d4 Nf6 2. c4 e6 3. Nc3 c5 4. d5 exd5 5. cxd5 d6 6. e4 Be7 7. f4 Nbd7 8. Nf3 O-O 9. Bd3 a6 10. a4 b6 11. O-O Bb7 12. Bc2 c4 13. Qd4 Ng4 14. h3 Bf6 15. Qxc4 Rc8 16. Qd3 Bxc3 17. bxc3 Nc5 18. Qd4 Nf6 19. c4 Re8 20. e5 dxe5 21. fxe5 Nfd7 22. Bxh7+ Kxh7 23. Ng5+ Kg8 24. Nxf7 Qe7 25. Bg5 Nf6 26. Nh6+ gxh6 27. Bxf6 Qf7 28.
a5 Qg6 29. axb6 Nb3 30. Qf4 Rc5 31. Ra3 Na5 32. Rg3 Kh7 33. Rxg6 Kxg6 34. Qg4+ Kf7 35.
Qg7# 1-0

[Event "*** Titled Tuesday Blitz"]
[Site "Chess.com"]
[Date "2020.04.14"]
[Round "1"]
[White "GadimbayliA"]
[Black "tvjosue"]
[Result "1-0"]
[WhiteElo "2889"]
[BlackElo "2475"]
[TimeControl "180+1"]
[EndTime "10:06:12 PDT"]
[Termination "GadimbayliA won by resignation"]

1. e4 c5 2. Nf3 Nc6 3. Bb5 Na5 4. O-O a6 5. Be2 d6 6. d4 cxd4 7. Nxd4 Nf6 8. Nc3 g6 9. Be3 Bg7 10. Nd5 Nxd5 11. exd5 Qc7 12. Qd3 b5 13. Rac1 Nc4 14. Bg5 O-O 15. b3 Ne5 16. Qe3 Bb7 17. c4 bxc4 18. bxc4 Rfe8 19. f4 Nd7 20. f5 Qb6 21. Rcd1 Rac8 22. fxg6 hxg6 23. Rxf7 Kxf7 24. Qe6+ Kf8 25.
Be3 Nf6 26. Nf5 Qb2 27. Nh6 1-0

[Event "*** Titled Tuesday Blitz"]
[Site "Chess.com"]
[Date "2020.04.14"]
[Round "1"]
[White "tsvet2005"]
[Black "gui_borba"]
[Result "0-1"]
[WhiteElo "2686"]
[BlackElo "2368"]
[TimeControl "180+1"]
[EndTime "10:06:12 PDT"]
[Termination "gui_borba won by resignation"]

1. d4 Nf6 2. c4 e6 3. Nc3 d5 4. cxd5 exd5 5. Bg5 c6 6. e3 Be7 7. Bd3 Nbd7 8. Qc2 Nf8 9. Nge2 Ne6 10. Bh4 g6 11.
O-O O-O 12. Rad1 Ng7 13. f3 Nf5 14. Bf2 Re8 15. e4 Ng7 16. e5 Nd7 17. f4 Nf8 18. h3 h5 19. a3 h4 20. b4 Bf5 21.
b5 Nfe6 22. bxc6 bxc6 23. Na4 Bxd3 24. Rxd3 Rc8 25. Rc3 Qd7 26. Rc1 Nd8 27. Qa2 Nf5 28. R1c2 Ne6 29. Rd2 Rb8 30. Qc2 Rec8 31. Nc1 Qb7 32. Nb3 Qa6 33. Nac5 Bxc5 34. Nxc5 Nxc5 35. Rxc5 Qxa3 36. Rxc6 Rxc6 37. Qxc6 Rb1+ 38. Kh2 Qa1 39. g4 hxg3+ 40. Kg2 gxf2 41. Kxf2 Rf1+ 42. Ke2 Qe1+ 43. Kd3 Qe4+ 44. Kc3 Rc1+ 0-1

[Event "*** Titled Tuesday Blitz"]
[Site "Chess.com"]
[Date "2020.04.14"]
[Round "1"]
[White "DIM90"]
[Black "Faqade"]
[Result "0-1"]
[WhiteElo "2254"]
[BlackElo "2610"]
[TimeControl "180+1"]
[EndTime "10:06:12 PDT"]
[Termination "Faqade won by resignation"]

1. e4 e5 2. Nf3 Nc6 3. Bb5 Nf6 4.
O-O Nxe4 5. d4 Nd6 6. dxe5 Nxb5 7. a4 Nxe5 8. Re1 Nd6 9. Bg5 Be7 10. Bxe7 Kxe7 11. Rxe5+ Kf8 12. Nc3 Ne8 13. Qd5 c6 14. Qc5+ d6 15. Rxe8+ Qxe8 16. Qxd6+ Qe7 17. Qf4 Be6 18.
Re1 h6 19. h3 Kg8 20. Nd4 Rd8 21.
Nxe6 fxe6 22. Ne4 Kh7 23. Ng3 Rhf8 24. Qe4+ Kg8 25. Nf5 Qf6 26. Ne3 Qxf2+ 0-1

[Event "*** Titled Tuesday Blitz"]
[Site "Chess.com"]
[Date "2020.04.14"]
[Round "1"]
[White "UCantHandleDenker"]
[Black "HElissalt"]
[Result "1-0"]
[WhiteElo "2557"]
[BlackElo "2145"]
[TimeControl "180+1"]
[EndTime "10:06:12 PDT"]
[Termination "UCantHandleDenker won by resignation"]

1. Nf3 Nf6 2. g3 b6 3. Bg2 Bb7 4. O-O e6 5. d3 Be7 6. Nbd2 O-O 7. e4 c5 8. Re1 d6 9. a4 Nbd7 10. Nc4 Qc7 11. Bf4 e5 12. Bg5 a6 13. Bd2 Rfe8 14. c3 Bf8 15. Qb3 d5 16. exd5 Bxd5 17. Ng5 Bxg2 18. Kxg2 Qc6+ 19. Kg1 Qd5 20. Rad1 Rab8 21.
Qc2 b5 22. axb5 axb5 23. Ne3 Qc6 24. Nf5 h6 25. Ne4 Nxe4 26. dxe4 c4 27. Be3 Nc5 28.
Bxc5 Bxc5 29. Rd5 Bf8 30. Red1 g6 31. Ne3 b4 32. Qe2 bxc3 33. bxc3 Rec8 34. Ng4 Qa4 35.
Nxe5 Bg7 36. Nd7 Rb3 37. e5 Re8 38. Qf3 Qa3 39. Nf6+ Bxf6 40. Qxf6 Qe7 41. Rd8 Rxd8 42. Rxd8+ 1-0

[Event "*** Titled Tuesday Blitz"]
[Site "Chess.com"]
[Date "2020.04.14"]
[Round "1"]
[White "davidkalashian"]
[Black "HashtagChess"]
[Result "1-0"]
[WhiteElo "2510"]
[BlackElo "1640"]
[TimeControl "180+1"]
[EndTime "10:06:12 PDT"]
[Termination "davidkalashian won by resignation"]

1. d4 d5 2. Nf3 Nf6 3. c4 c6 4. e3 Bg4 5. Nc3 e6 6. Be2 Nbd7 7. h3 Bh5 8. O-O dxc4 9. Bxc4 b5 10.
Be2 a6 11. Bd2 Rc8 12. a4 b4 13. Na2 a5 14. Nc1 c5 15. dxc5 Nxc5 16. Nd4 Bxe2 17.
Qxe2 Be7 18. Qb5+ Nfd7 19. Nc6 Qb6 20. Nxe7 Kxe7 21. Qe2 Rhd8 22. e4 e5 23. Be3 Qg6 24.
f3 Ne6 25. Nb3 Nf4 26. Bxf4 exf4 27. Kh1 Ne5 28. Nxa5 Rd3 29. Rac1 Rcd8 30. Rcd1 Qb6 31. Rxd3 Rxd3 32. Nc4 Qd4 33. Nxe5 Qxe5 34. Qxd3 1-0

[Event "*** Titled Tuesday Blitz"]
[Site "Chess.com"]
[Date "2020.04.14"]
[Round "1"]
[White "CHESSMASTER759"]
[Black "gliglu"]
[Result "1-0"]
[WhiteElo "2739"]
[BlackElo "2384"]
[TimeControl "180+1"]
[EndTime "10:06:13 PDT"]
[Termination "CHESSMASTER759 won by resignation"]

1. e4 e6 2. d4 d5 3. Nd2 Nf6 4. e5 Nfd7 5. Bd3 c5 6. c3 b6 7. Ne2 Ba6 8. Bxa6 Nxa6 9. O-O Nc7 10. f4 f5 11. h3 Be7 12. Nf3 O-O 13. g4 b5 14.
dxc5 Nxc5 15. Nfd4 Qd7 16. Be3 Ne4 17. gxf5 exf5 18. Kh2 g6 19. Rg1 Kh8 20. a4 b4 21.
cxb4 Bxb4 22. Rc1 Ne6 23. Nxe6 Qxe6 24. Nd4 Qe8 25. Nb5 Qe7 26. Rc7 Qh4 27. Qd4 a5 28. e6+ Nf6 29. Bf2 Qh6 30. e7 Bxe7 31. Rxe7 Kg8 32. Qe5 Ra6 33. Nd6 Ng4+ 34. Rxg4 fxg4 35. Qxd5+ Kh8 36. Bd4+ 1-0

[Event "*** Titled Tuesday Blitz"]
[Site "Chess.com"]
[Date "2020.04.14"]
[Round "1"]
[White "politeplayer"]
[Black "albi1999"]
[Result "0-1"]
[WhiteElo "2193"]
[BlackElo "2578"]
[TimeControl "180+1"]
[EndTime "10:06:13 PDT"]
[Termination "albi1999 won by resignation"]

1. e4 c6 2. Nf3 d5 3. exd5 cxd5 4. d4 Nc6 5. c4 Nf6 6. Nc3 Bg4 7. Be3 e6 8. Be2 Rc8 9. c5 Be7 10. h3 Bh5 11. O-O O-O 12. b4 Ne4 13. Qb3 Bf6 14. Rad1 b6 15. Ba6 Rc7 16. Bf4 Bxf3 17. gxf3 Ng5 18. Bxg5 Bxg5 19. Ne2 Qf6 20. cxb6 axb6 21. Bb5 Ne7 22. Ng3 Ng6 23. Rfe1 Rfc8 24. Bf1 Rc3 25. Qa4 Nh4 26. f4 Bxf4 27. Be2 Bxg3 0-1

[Event "*** Titled Tuesday Blitz"]
[Site "Chess.com"]
[Date "2020.04.14"]
[Round "1"]
[White "LionTheLeon_06"]
[Black "Manukyan_Artak"]
[Result "1-0"]
[WhiteElo "2674"]
[BlackElo "2328"]
[TimeControl "180+1"]
[EndTime "10:06:15 PDT"]
[Termination "LionTheLeon_06 won by resignation"]

1. Nf3 d6 2. g3 Nf6 3. Bg2 g6 4. b3 Bg7 5. d4 O-O 6. Bb2 c5 7. O-O Nc6 8. c4 Bg4 9. d5 Nb8 10. Nc3 Qd7 11. Qc2 Bh3 12. e4 Na6 13. Rfe1 Bxg2 14. Kxg2 Ng4 15. h3 Ne5 16. Nxe5 Bxe5 17. f4 Bd4 18. Nb5 Bxb2 19. Qxb2 Nc7 20. Nxc7 Qxc7 21.
e5 Rae8 22. Re2 b5 23. Rae1 bxc4 24. bxc4 Rb8 25. Qc3 Qb6 26. exd6 exd6 27. h4 Qb4 28. Qd3 Qa4 29. h5 Rb4 30. f5 g5 31. Qc3 Rxc4 32. Qf6 Rc2 33. Qxg5+ Kh8 34. Qf6+ Kg8 35. h6 Rxe2+ 36.
Rxe2 Qd4 37. Qg5+ Kh8 38. f6 Rg8 39. Qxg8+ 1-0

[Event "*** Titled Tuesday Blitz"]
[Site "Chess.com"]
[Date "2020.04.14"]
[Round "1"]
[White "2L8IWUN"]
[Black "Trankuilizer"]
[Result "1/2-1/2"]
[WhiteElo "2322"]
[BlackElo "2654"]
[TimeControl "180+1"]
[EndTime "10:06:15 PDT"]
[Termination "Game drawn by repetition"]

1. Nf3 Nf6 2. d4 g6 3. g3 Bg7 4.
Bg2 O-O 5. O-O d6 6. b3 Nbd7 7. Bb2 c6 8. c4 Qc7 9. Nc3 e5 10.
dxe5 dxe5 11. Qc2 Re8 12. Rad1 Nc5 13. Ng5 h6 14. Nge4 Nfxe4 15. Nxe4 Bf5 16. Ba3 Nxe4 17. Bxe4 Bxe4 18. Qxe4 Rad8 19. Bb2 f5 20. Qc2 e4 21. Bxg7 Qxg7 22. Rxd8 Rxd8 23. Rd1 Qe7 24. Rxd8+ Qxd8 25. Kf1 Kf7 26. Ke1 c5 27. Qd2 Qxd2+ 28. Kxd2 Ke6 29. Ke3 Ke5 30. f4+ exf3 31. exf3 f4+ 32. gxf4+ Kf5 33.
a3 b6 34. b4 a6 35. bxc5 bxc5 36. h3 a5 37. a4 h5 38. h4 Kf6 39. Ke4 Ke6 40. Kd3 Kf5 41. Ke3 Kf6 42. Kd3 Kf5 43. Ke3 1/2-1/2

[Event "*** Titled Tuesday Blitz"]
[Site "Chess.com"]
[Date "2020.04.14"]
[Round "1"]
[White "Stewie_89"]
[Black "kekic76"]
[Result "1-0"]
[WhiteElo "2637"]
[BlackElo "2288"]
[TimeControl "180+1"]
[EndTime "10:06:15 PDT"]
[Termination "Stewie_89 won by resignation"]

1. e4 e6 2. d4 d5 3. Nd2 dxe4 4.
Nxe4 Nd7 5. Nf3 Ngf6 6. Nxf6+ Nxf6 7. Be3 Be7 8. Bd3 O-O 9. O-O b6 10. Ne5 Bb7 11. Be2 Rc8 12. Bf3 Bxf3 13. Qxf3 c5 14.
Nc6 Qd7 15. Nxe7+ Qxe7 16. dxc5 bxc5 17. c4 Rfd8 18. Rfd1 h6 19. h3 Ne8 20. Rxd8 Rxd8 21. Rd1 Rxd1+ 22. Qxd1 Qd6 23. Qa4 Nf6 24. Qxa7 Qd3 25.
Qxc5 Qb1+ 26. Kh2 Qxa2 27. b4 Ne4 28. Qd4 f5 29. c5 Qd5 30. Qxd5 exd5 31. c6 Kf7 32. c7 Nd6 33. Bc5 Nc8 34. b5 Ke6 35. b6 Kd7 36. b7 Kxc7 37. bxc8=Q+ Kxc8 38. Bf8 1-0

[Event "*** Titled Tuesday Blitz"]
[Site "Chess.com"]
[Date "2020.04.14"]
[Round "1"]
[White "anon219"]
[Black "InitiatingASC"]
[Result "1-0"]
[WhiteElo "2835"]
[BlackElo "2438"]
[TimeControl "180+1"]
[EndTime "10:06:18 PDT"]
[Termination "anon219 won by resignation"]

1. e4 c5 2. Nf3 Nc6 3. Bb5 g6 4. O-O Bg7 5. Nc3 Nf6 6. e5 Ng4 7. Bxc6 dxc6 8. Re1 Nh6 9. Ne4 b6 10. Nf6+ Kf8 11. Ne4 Nf5 12. d3 Nd4 13. Nxd4 cxd4 14.
Qf3 h6 15. Bf4 Qd5 16. h4 Be6 17. Qg3 Ke8 18. c4 dxc3 19. bxc3 Kd7 20. a4 Rhd8 21. Qe3 Ke8 22. Bxh6 Bxe5 23. d4 Bh8 24. Ng5 Rd6 25.
Rac1 Bf6 26. Ne4 Rd7 27. Bg5 Qf5 28. Re2 Kf8 29. Bxf6 exf6 30. Qh6+ Ke7 31. Rce1 Rg8 32. Ng3 Qg4 33. Qh7 Rf8 34. Rxe6+ Qxe6 35. Rxe6+ Kxe6 36. Qg7 Ke7 37. Ne4 f5 38. Qf6+ Ke8 39. Nd6+ 1-0

[Event "*** Titled Tuesday Blitz"]
[Site "Chess.com"]
[Date "2020.04.14"]
[Round "1"]
[White "kpio91"]
[Black "przemekpiotrowski"]
[Result "1-0"]
[WhiteElo "2755"]
[BlackElo "2397"]
[TimeControl "180+1"]
[EndTime "10:06:18 PDT"]
[Termination "kpio91 won by resignation"]

1. e4 c5 2. Nf3 d6 3. d4 cxd4 4. Qxd4 Nc6 5. Qe3 Nf6 6. Be2 g6 7. O-O Bg7 8. h3 O-O 9. Rd1 Qc7 10. Nc3 a6 11. a3 b5 12. Bd2 Bb7 13. Be1 Rac8 14.
Rab1 Na5 15. b3 Rfd8 16. Nd4 Nc6 17. Nxc6 Bxc6 18. Bf3 Nd7 19. Rdc1 Qb7 20. a4 bxa4 21. bxa4 Qa8 22. Nd5 Bxd5 23. exd5 Ne5 24. Be2 Qxd5 25. Bxa6 Ra8 26. Bb5 Nc4 27. Qxe7 Na3 28. Rd1 Qf5 29. Bd3 Qc8 30. Rb7 Rf8 31. a5 Nc4 32. Rc7 1-0

[Event "*** Titled Tuesday Blitz"]
[Site "Chess.com"]
[Date "2020.04.14"]
[Round "1"]
[White "HouseOfDurin"]
[Black "Kimster98"]
[Result "0-1"]
[WhiteElo "2052"]
[BlackElo "2528"]
[TimeControl "180+1"]
[EndTime "10:06:18 PDT"]
[Termination "Kimster98 won on time"]

1. d4 Nf6 2. Bg5 e6 3. e4 h6 4. Bxf6 Qxf6 5. e5 Qd8 6. f4 d6 7. Nf3 dxe5 8. fxe5 c5 9. c3 Nc6 10. Bb5 Qb6 11. Bxc6+ Qxc6 12. Nbd2 cxd4 13. cxd4 Bd7 14. Rc1 Qb6 15. Qb3 Qxb3 16. Nxb3 Bb4+ 17. Ke2 Bc6 18. a3 Be7 19. Nc5 O-O 20. b4 Rfd8 21. Rhd1 Rac8 22.
Ke3 b6 23. Ne4 Bd5 24. Ne1 a5 25. Nd3 axb4 26. axb4 Bc4 27. Rb1 Ba2 28. Rb2 Bd5 29. Rc1 Rxc1 30. Nxc1 Rc8 31. Nd3 Rc4 32. b5 Rc8 33. g3 Kf8 34. Nb4 Bb7 0-1